 Dungeon Crawl Stone Soup version 0.32-a0-913-g739538afd8 (webtiles) character file.

Game seed: 17135036288025599654

681 bronco the Arsonist (level 7, -1/57 HPs)
             Began as a Mountain Dwarf Monk on Apr 8, 2024.
             Was a Believer of Vehumet.
             Slain by a gnoll
             ... wielding a +0 halberd
              (8 damage)
             ... on level 6 of the Dungeon.
             The game lasted 00:09:51 (5449 turns).

bronco the Arsonist (Mountain Dwarf Monk)           Turns: 5449, Time: 00:09:52

Health: -1/57      AC:  6    Str: 14    XL:     7   Next: 34%
Magic:  2/11       EV: 10    Int: 12    God:    Vehumet [**....]
Gold:   380        SH:  0    Dex: 12    Spells: 6/12 levels left

rFire   . . .        m - +0 war axe (freeze)
rCold   . . .        d - orb {light}
rNeg    . . .        j - +0 leather armour {rPois}
rPois   +            (no helmet)
rElec   .            (no cloak)
rCorr   .            (no gloves)
SInv    .            h - +2 pair of boots
Will    .....        v - amulet of the acrobat
Stlth   +            (no ring)
HPRegen 0.29/turn    (no ring)
MPRegen 0.12/turn

%: acrobat
@: glowing, studying Fire Magic
A: runic magic, artefact enchanting
a: Renounce Religion


You were on level 6 of the Dungeon.
You worshipped Vehumet.
Vehumet was pleased with you.
You visited 2 branches of the dungeon, and saw 7 of its levels.

You collected 380 gold pieces.

Inventory:

Hand Weapons
 a - a +1 hand axe
 m - a +0 war axe of freezing (weapon)
Missiles
 q - 27 stones (quivered)
 x - 8 javelins
 z - 5 poisoned darts
Armour
 b - a +0 robe
 d - an orb of light (worn)
 f - a +0 scale mail
 g - a +0 leather armour
 h - a +2 pair of boots (worn)
 j - a +0 leather armour of poison resistance (worn)
 t - a +0 ring mail
Magical Staves
 e - a staff of death
Jewellery
 i - an amulet of reflection
 v - an amulet of the acrobat (around neck)
Wands
 o - a wand of warping (8)
 w - a wand of flame (19)
Scrolls
 n - a scroll of revelation
 p - a scroll of fear
 r - 5 scrolls of amnesia
 s - a scroll of vulnerability
 u - 2 scrolls of teleportation
 A - a scroll of fog
Potions
 c - a potion of ambrosia
 l - a potion of curing


   Skills:
 - Level 3.2 Fighting
 - Level 3.6 Axes
 - Level 2.1 Dodging
 - Level 3.0 Spellcasting
 + Level 0.9 Conjurations
 - Level 11.5 Fire Magic


You had 6 spell levels left.
You knew the following spells:

 Your Spells              Type           Power      Damage    Failure   Level
a - Scorch                Fire           58%        2d7       1%          2
b - Flame Wave            Conj/Fire      16%        2d7       19%         4

Your spell library contained the following spells:

 Spells                   Type           Power      Damage    Failure   Level
 Kiss of Death            Conj/Necr      8%         2d6       22%         1
 Summon Blazeheart Golem  Fire/Summ      15%        N/A       24%         4
 Summon Cactus Giant      Summ           0%         N/A       100%        6
 Orb of Destruction       Conj           2%         9d5       100%        7
 Spellforged Servitor     Conj/Summ      1%         N/A       100%        7


Dungeon Overview and Level Annotations

Branches:
Dungeon (6/15)             Temple (1/1) D:5

Altars:
Ashenzari
Dithmenos
Elyvilon
Fedhas
Gozag
Hepliaklqana
Makhleb
Nemelex Xobeh
Okawaru
Qazlal
Sif Muna
Trog
Vehumet
Xom
Zin
The Shining One

Shops:
D:6 *


Innate Abilities, Weirdness & Mutations

Your spellcasting is much less encumbered by armour.
You can use scrolls of enchantment on lesser artefacts.


Message History

Casting: Scorch (safe; 1% risk of failure)
Confirm with . or Enter, or press ? or * to list all spells.
Flames lash the gnoll.
The gnoll is burned terribly!
You kill the gnoll!
Vehumet accepts your kill.
The gnoll hits you from afar with a +0 halberd!
The gnoll barely misses you.
Unknown command.
Casting: Scorch (safe; 1% risk of failure)
Confirm with . or Enter, or press ? or * to list all spells.
Flames lash the gnoll.
The gnoll is almost dead.
The gnoll's fire resistance burns away.
The gnoll hits you from afar with a +0 halberd.
The gnoll barely misses you.
Unknown command.
Casting: Scorch (safe; 1% risk of failure)
Confirm with . or Enter, or press ? or * to list all spells.
Flames lash the gnoll.
The gnoll is burned terribly!
You kill the gnoll!
Vehumet accepts your kill.
The gnoll is no longer more vulnerable to fire.
The gnoll closely misses you.
Unknown command.
Casting: Scorch (safe; 1% risk of failure)
Confirm with . or Enter, or press ? or * to list all spells.
You don't have enough magic to cast this spell.
Unknown command.
Unknown command.
The gnoll hits you with a +0 halberd!
You hit the gnoll but do no damage.
The gnoll is heavily wounded.
The gnoll hits you with a +0 halberd!
* * * LOW HITPOINT WARNING * * *
You hit the gnoll. You freeze the gnoll.
The gnoll is heavily wounded.
The gnoll hits you with a +0 halberd!
* * * LOW HITPOINT WARNING * * *
The gnoll hits you with a +0 halberd!
You die...

######...#
#......♣∩♣
#...$....
#......=♣#
#.....?..#
#........#
#..).....#
#..g@<...#
......(.)...#
#######.##..#
#.# #..# ...
#.# .... ...
..#. ..# #..
#. .#


You could see a gnoll.

Vanquished Creatures
  A black bear (D:5)
  An ogre (D:5)
  A phantom (D:5)
  A scorpion (D:5)
  2 bombardier beetles
  A hound (D:4)
  2 orc priests (D:5)
  An iguana (D:4)
  An orc wizard (D:5)
  4 adders
  3 gnolls
  A white imp (D:5)
  2 dart slugs (D:3)
  A ribbon worm (D:2)
  11 orcs
  4 ball pythons
  9 endoplasms
  6 giant cockroaches
  4 goblins
  3 hobgoblins
  4 jackals (D:5)
  8 kobolds
  4 quokkas
  4 bats
  4 frilled lizards
  6 rats
89 creatures vanquished.

Notes
Turn   | Place    | Note
-------+----------+-------------------------------------------
     0 | D:1      | bronco the Mountain Dwarf Monk began the quest for the Orb.
     0 | D:1      | Reached XP level 1. HP: 19/19 MP: 1/1
   457 | D:1      | Reached skill level 1 in Spellcasting
   682 | D:1      | Reached XP level 2. HP: 26/26 MP: 4/4
  1917 | D:2      | Reached XP level 3. HP: 31/31 MP: 6/6
  2092 | D:3      | Identified a scroll of acquirement
  2092 | D:3      | Acquired a manual of Fire Magic
  2172 | D:3      | Learned a level 2 spell: Scorch
  2196 | D:3      | Reached XP level 4. HP: 38/38 MP: 8/8
  2202 | D:3      | Reached skill level 1 in Fire Magic
  2239 | D:3      | Found an opulent altar of Gozag.
  2239 | D:3      | Found a shadowy altar of Dithmenos.
  2286 | D:3      | Reached skill level 2 in Fire Magic
  2363 | D:3      | Found a stormy altar of Qazlal.
  2541 | D:3      | Found a shimmering altar of Xom.
  2542 | D:3      | Found a hazy altar of Hepliaklqana.
  2543 | D:3      | Noticed a spectral ugly thing
  2793 | D:3      | Learned a level 4 spell: Flame Wave
  2940 | D:4      | Reached skill level 3 in Fire Magic
  2942 | D:4      | Reached skill level 4 in Fire Magic
  3261 | D:4      | Reached skill level 5 in Fire Magic
  3261 | D:4      | Reached XP level 5. HP: 44/45 MP: 6/9
  3425 | D:4      | Found an iron altar of Okawaru.
  3765 | D:4      | Reached skill level 6 in Fire Magic
  4199 | D:5      | Entered Level 5 of the Dungeon
  4202 | D:5      | Found a radiant altar of Vehumet.
  4204 | D:5      | Noticed a black bear
  4208 | D:5      | Killed a black bear
  4209 | D:5      | Reached skill level 8 in Fire Magic
  4209 | D:5      | Reached XP level 6. HP: 51/51 MP: 7/10
  4337 | D:5      | Found a shimmering blue altar of Sif Muna.
  4460 | D:5      | Found a staircase to the Ecumenical Temple.
  4464 | D:5      | Found a bloodstained altar of Trog.
  4480 | D:5      | Reached skill level 9 in Fire Magic
  4485 | D:5      | Reached skill level 10 in Fire Magic
  4581 | D:5      | Reached XP level 7. HP: 57/57 MP: 6/11
  4734 | D:5      | Reached skill level 11 in Fire Magic
  4835 | Temple   | Entered the Ecumenical Temple
  5135 | D:5      | Became a worshipper of Vehumet
  5135 | D:5      | Reached * piety under Vehumet
  5135 | D:5      | Offered knowledge of Kiss of Death by Vehumet.
  5135 | D:5      | Reached ** piety under Vehumet
  5365 | D:6      | Found Leiwoped's General Store.
  5449 | D:6      | Slain by a gnoll

Illustrated notes

Levels and vault maps discovered:
D:1:      wander_arrival_peaceful_grave, layout_basic, minmay_tree_intersection
D:2:      layout_basic, kennysheep_cross_bottleneck
D:3:      layout_loops_ring, regret_index_temple_of_mockery,
          overflow_temple_1_default, jmf_multi_god_temple
D:4:      layout_layer_cave, okawaru_trees_1
D:5:      layout_cave_pools, overflow_temple_1_default,
          mainiacjoe_overflow_paths, general_overflow_altar, temple_doors_e,
          lemuel_flame_loot_1
D:6:      layout_rooms, regret_index_kikubaaqudgha_part_by_part,
          mainiacjoe_overflow_tiny_flanked, nicolae_ru_awakened_eye,
          serial_curves, eino_curves_01, eino_curves_04, serial_shops,
          nicolae_shop_trees
Temple:   hellmonk_temple_beads

Skill      XL: |  1  2  3  4  5  6  7 |
---------------+----------------------+-----
Spellcasting   | 1 2 3 |  3.0
Fire Magic     | 5 8 10 11 | 11.5
Fighting       | |  3.2
Axes           | |  3.6
Dodging        | |  2.1
Conjurations   | |  0.9

Action                     |  1- 3 |  4- 6 |  7- 9 || total
---------------------------+-------+-------+-------++-------
  Melee: Hand axe          |    73 |       |       ||    73
         War axe           |    38 |    60 |    10 ||   108
  Throw: Stone             |     3 |    17 |     2 ||    22
         Javelin           |       |     5 |     1 ||     6
   Cast: Scorch            |       |    20 |    13 ||    33
    Use: Scroll            |     8 |     6 |       ||    14
         Potion            |       |       |     3 ||     3
 Armour: Leather armour    |    23 |    34 |    22 ||    79
         Robe              |    10 |       |       ||    10
         Scale mail        |    46 |       |       ||    46
  Dodge: Dodged            |    48 |    46 |    10 ||   104

Table legend: (Time is in decaauts)
 A = Elapsed time spent in this place.
 B = Non-inter-level travel time spent in this place.
 C = Inter-level travel time spent in this place.
 D = Time resting spent in this place.
 E = Time spent auto-exploring this place.
 F = Levels seen in this place.
 G = Mean time per level.
                   A        B        C        D        E       F      G
               +--------+--------+--------+--------+--------+-----+--------+
         Total |   5497 |   5243 |    254 |    444 |   3978 |   7 |  785.3 |
       Dungeon |   5496 |   5242 |    254 |    444 |   3978 |   6 |  916.0 |
        Temple |      1 |      1 |      0 |      0 |      0 |   1 |    1.0 |
               +--------+--------+--------+--------+--------+-----+--------+

Top non-repeatable levels by time:
     D:4: 1366 daAuts
     D:5: 1245 daAuts
     D:2: 1050 daAuts
     D:1: 993 daAuts
     D:3: 827 daAuts
     D:6: 12 daAuts
  Temple: 1 daAuts
